 Dungeon Crawl Stone Soup version 0.19.0-22-gd96e5fe (webtiles) character file.

1603 RepoMan the Firebug (level 8, -27/57 HPs)
             Began as a Demigod Fire Elementalist on Oct 31, 2016.
             Engulfed by a cloud of flame (36 damage)
             ... on level 7 of the Dungeon on Nov 18, 2016.
             The game lasted 00:49:57 (5171 turns).

RepoMan the Firebug (Demigod Fire Elementalist)     Turns: 5171, Time: 00:50:04

Health: -27/57     AC:  7    Str: 11    XL:     8   Next: 36%
Magic:  15/18      EV: 12    Int: 23    God:
Gold:   273        SH:  0    Dex: 16    Spells: 6 memorised, 0 levels left

rFire  . . .     SeeInvis .     y - +0 long sword of Benevolence {flame, rN+ MR++} (curse)
rCold  . . .     Gourm    .     a - +0 robe
rNeg   + . .     Faith    .     (no shield)
rPois  .         Spirit   .     r - +2 helmet
rElec  .         Reflect  .     e - +0 cloak
rCorr  .         Harm     .     z - +0 pair of gloves
MR     ++...                    (no boots)
Stlth  ++........               (no amulet)
                                (no ring)
                                (no ring)

@: no status effects
A: high mp 1
a: no special abilities


You were on level 7 of the Dungeon.
You were not hungry.

You visited 2 branches of the dungeon, and saw 8 of its levels.

You collected 273 gold pieces.

Inventory:

Hand Weapons
 m - the +6 hunting sling of Vyowkaupp {venom, rF+ rN+++ Str-3 Int+3, unknown}
   (You found it on level 7 of the Dungeon)

   It poisons the ammo it fires.
   It affects your strength (-3).
   It affects your intelligence (+3).
   It protects you from fire.
   It renders you almost immune to negative energy.
 y - the cursed +0 long sword of Benevolence (weapon) {flame, rN+ MR++}
   (You found it on level 5 of the Dungeon)

   It has been specially enchanted to burn those struck by it, causing extra
   injury to most foes and up to half again as much damage against particularly
   susceptible opponents.
   Big, fiery blades are also staple armaments of hydra-hunters.
   It protects you from negative energy.
   It affects your resistance to hostile enchantments.
   It has a curse placed upon it.
Missiles
 g - 8 poisoned needles
Armour
 a - a +0 robe (worn)
 e - a +0 cloak (worn)
 r - a +2 helmet (worn)
 z - a +0 pair of gloves (worn)
Scrolls
 f - a scroll of fear
 i - 2 scrolls of identify
 l - a scroll of teleportation {unknown}
 o - a scroll of noise {unknown}
 v - 2 scrolls of fog {unknown}
 x - 3 scrolls of remove curse
 A - a scroll of enchant armour {unknown}
 B - a scroll of enchant weapon {unknown}
Potions
 n - 2 potions of heal wounds {unknown}
 p - a potion of degeneration {unknown}
 q - a potion of curing
 s - 2 potions of haste
 t - a potion of resistance
 w - a potion of mutation {unknown}
 C - a potion of cancellation {unknown}
Books
 b - a book of Flames

   Spells                             Type                      Level
   a - Flame Tongue                   Conjuration/Fire             1
   b - Throw Flame                    Conjuration/Fire             2
   c - Conjure Flame                  Conjuration/Fire             3
   d - Inner Flame                    Hexes/Fire                   3
   e - Sticky Flame                   Conjuration/Fire             4
   f - Fireball                       Conjuration/Fire             5
 k - a book of Misfortune

   Spells                             Type                      Level
   a - Confusing Touch                Hexes                        1
   b - Confuse                        Hexes                        3
   c - Gell's Gravitas                Hexes/Translocation          3
   d - Petrify                        Transmutation/Earth          4
   e - Metabolic Englaciation         Hexes/Ice                    5
   f - Yara's Violent Unravelling     Hexes/Transmutation          5
Comestibles
 c - 5 bread rations
 h - 7 fruits
 j - 4 meat rations
 u - a royal jelly


   Skills:
 - Level 1.7 Dodging
 - Level 1.7 Stealth
 + Level 4.6 Spellcasting
 + Level 4.4 Conjurations
 - Level 2.5 Hexes
 * Level 7.4 Fire Magic


You couldn't memorise any spells.
You knew the following spells:

 Your Spells              Type           Power        Failure   Level  Hunger
a - Flame Tongue          Conj/Fire      ####.        1%          1    None
b - Throw Flame           Conj/Fire      ####..       1%          2    None
c - Conjure Flame         Conj/Fire      ####....     2%          3    ##.....
d - Sticky Flame          Conj/Fire      ####....     10%         4    ####...
f - Confuse               Hex            ###.....     12%         3    ##.....
i - Inner Flame           Hex/Fire       ####....     4%          3    ##.....


Dungeon Overview and Level Annotations

Branches:
Dungeon (7/15)             Temple (1/1) D:5

Annotations:
D:3 Sigmund


Innate Abilities, Weirdness & Mutations

You have an increased reservoir of magic. (+10% MP)


Message History

The magic dart hits you!
You aren't carrying any items that you can evoke.
Magic courses through your body.
Casting: Flame Tongue
Confirm with . or Enter, or press ? or * to list all spells.
Aiming: Conjure Flame
Press: ? - help, Dir - move target cursor, p - orc wizard The fire roars!
The orc priest invokes the aid of Beogh against you.
Beogh smites you!
The orc wizard mumbles some strange words.
The orc wizard blinks!
You hit the orc wizard. You burn the orc wizard.
The orc wizard explodes!
The fiery explosion engulfs you!
Ouch! That really hurt!
* * * LOW HITPOINT WARNING * * *
You are engulfed in roaring flames.
Ouch! That really hurt!
You die...

.....## .....#
....# ..o# o§#
.. #o# ... #.#
.... #§# #.....
#@##...#..
#§)§.....##
#####§.........
#......_.......
#...#........(.
##.#.#..........
#...............
####............
###............
#####


You could see an orc priest and 2 orcs.

Vanquished Creatures
  The ghost of Jorund the Caller, an amateur OpSu (D:3)
  An orc warrior (D:6)
  2 ice beasts
  An ogre (D:4)
  2 bullfrogs (D:6)
  3 crimson imps
  A bullfrog zombie (D:5)
  2 jellies (D:5)
  3 orc priests
  4 hounds
  Natasha (D:4)
  4 iguanas
  6 orc wizards
  6 worker ants
  A hound zombie (D:6)
  3 adders
  A shadow imp (D:5)
  2 oozes
  2 worms
  2 adder skeletons (D:4)
  2 dart slugs
  2 leopard geckos
  11 orcs
  9 bats
  4 giant cockroaches
  8 goblins
  4 hobgoblins
  11 jackals
  A quokka (D:4)
  2 ball pythons
  6 frilled lizards
  6 kobolds
  2 leopard gecko skeletons (D:6)
  A quokka skeleton (D:4)
  A quokka zombie (D:5)
  8 rats
126 creatures vanquished.

Notes
Turn   | Place    | Note
-------+----------+-------------------------------------------
     0 | D:1      | RepoMan the Demigod Fire Elementalist began the quest for the Orb.
     0 | D:1      | Reached XP level 1. HP: 14/14 MP: 5/5
    18 | D:1      | Reached skill level 1 in Conjurations
   238 | D:1      | Reached skill level 3 in Fire Magic
   253 | D:1      | Found a shattered altar of Ashenzari.
   286 | D:1      | Reached XP level 2. HP: 20/20 MP: 2/7
   292 | D:1      | Learned a level 2 spell: Throw Flame
   644 | D:2      | Found a stormy altar of Qazlal.
   909 | D:2      | Reached XP level 3. HP: 26/26 MP: 2/8
  1154 | D:2      | Learned a level 3 spell: Conjure Flame
  1154 | D:2      | Upgraded the game from 0.19-b1-4-gd8a0a2a to 0.19.0-2-gae57169
  1247 | D:3      | Noticed Jorund's ghost (amateur OpSu)
  1399 | D:3      | Killed Jorund's ghost
  1399 | D:3      | Reached skill level 4 in Fire Magic
  1399 | D:3      | Reached XP level 4. HP: 33/33 MP: 3/10
  1399 | D:3      | Reached XP level 5. HP: 38/38 MP: 3/12
  1405 | D:3      | Learned a level 3 spell: Inner Flame
  1655 | D:3      | Noticed Sigmund
  1790 | D:3      | Found a blossoming altar of Fedhas.
  2167 | D:4      | Noticed an ogre
  2184 | D:4      | Killed an ogre
  2184 | D:4      | Reached skill level 1 in Hexes
  2184 | D:4      | Reached skill level 5 in Fire Magic
  2184 | D:4      | Reached XP level 6. HP: 42/45 MP: 5/13
  2492 | D:4      | Noticed Natasha
  2493 | D:4      | Killed Natasha
  3321 | D:5      | Entered Level 5 of the Dungeon
  3511 | D:5      | Reached XP level 7. HP: 50/50 MP: 8/15
  3597 | D:5      | Found a bloodstained altar of Trog.
  3645 | D:5      | Reached skill level 6 in Fire Magic
  3966 | D:5      | Found a staircase to the Ecumenical Temple.
  3982 | D:5      | Got a crude long sword
  3983 | D:5      | Identified the cursed +0 long sword of Benevolence {flame, rN+ MR++} (You found it on level 5 of the Dungeon)
  3986 | Temple   | Entered the Ecumenical Temple
  4063 | D:5      | Learned a level 4 spell: Sticky Flame
  4362 | D:6      | Reached XP level 8. HP: 57/57 MP: 11/17
  4378 | D:6      | Found a deep blue altar of Sif Muna.
  4392 | D:6      | Reached skill level 7 in Fire Magic
  4421 | D:6      | Upgraded the game from 0.19.0-2-gae57169 to 0.19.0-22-gd96e5fe
  4561 | D:6      | Found a deep blue altar of Sif Muna.
  4561 | D:6      | Found a shadowy altar of Dithmenos.
  5028 | D:6      | Learned a level 3 spell: Confuse
  5068 | D:7      | Got an ebony hunting sling
  5093 | D:7      | Found a glowing golden altar of the Shining One.
  5141 | D:7      | Found a radiant altar of Vehumet.
  5171 | D:7      | Engulfed by a cloud of flame

Skill      XL: |  1  2  3  4  5  6  7  8 |
---------------+-------------------------+-----
Conjurations   | 1 2 3 4 |  4.4
Fire Magic     | 3 4 5 6 7 |  7.4
Spellcasting   | 2 3 4 |  4.6
Hexes          | 1 2 |  2.5
Dodging        | |  1.7
Stealth        | |  1.7

Action                   |  1- 3 |  4- 6 |  7- 9 || total
-------------------------+-------+-------+-------++-------
Melee: Unarmed           |     4 |     1 |       ||     5
       Long sword        |       |       |    74 ||    74
 Cast: Flame Tongue      |    77 |    92 |    64 ||   233
       Conjure Flame     |       |     9 |     9 ||    18
       Inner Flame       |       |     6 |     6 ||    12
       Throw Flame       |       |     6 |    11 ||    17
       Sticky Flame      |       |       |     4 ||     4
  Use: Scroll            |       |     8 |       ||     8
       Potion            |       |       |     1 ||     1
 Stab: Sleeping          |       |       |     1 ||     1
  Eat: Chunk             |     2 |     7 |     7 ||    16
       Fruit             |       |     1 |       ||     1
Armor: Robe              |    21 |     5 |    27 ||    53
Dodge: Dodged            |    40 |    15 |    70 ||   125
       Rpst.: Long sword |       |       |    26 ||    26
